 Dungeon Crawl Stone Soup version 0.24-a0-458-gfcb5e6da0e (webtiles) character file.

Game seed: 1650503699086335766

85 Mrkan the Shield-Bearer (level 4, -2/35 HPs)
             Began as a Human Fighter on June 26, 2019.
             Succumbed to an orc wizard's poison
             ... on level 2 of the Dungeon.
             The game lasted 00:03:11 (1602 turns).

Mrkan the Shield-Bearer (Human Fighter)             Turns: 1602, Time: 00:03:12

Health: -2/35      AC:  6    Str: 17    XL:     4   Next: 75%
Magic:  4/4        EV:  7    Int:  9    God:
Gold:   41         SH:  9    Dex: 12    Spells: 3/3 levels left

rFire    . . .     SeeInvis .   a - +0 long sword
rCold    . . .     Gourm    .   c - +0 shield
rNeg     . . .     Faith    .   b - +0 scale mail
rPois    .         Spirit   .   (no helmet)
rElec    .         Reflect  .   (no cloak)
rCorr    .         Harm     .   (no gloves)
MR       .....                  (no boots)
Stlth    ..........             (no amulet)
HPRegen  0.11/turn              (no ring)
MPRegen  0.09/turn              (no ring)

@: lethally poisoned (-2 -> -45)
A: no striking features
a: no special abilities


You were on level 2 of the Dungeon.
You were hungry.

You visited 1 branch of the dungeon, and saw 2 of its levels.

You collected 41 gold pieces.

Inventory:

Hand Weapons
 a - a +0 long sword (weapon)
Missiles
 k - 21 bolts
Armour
 b - a +0 scale mail (worn)
 c - a +0 shield (worn)
Jewellery
 h - an uncursed ring of poison resistance {unknown}
 i - an uncursed ring of ice {unknown}
 m - an uncursed amulet of rage {unknown}
Scrolls
 e - 2 scrolls of random uselessness {unknown}
 j - 3 scrolls of fear {unknown}
 o - a scroll of amnesia {unknown}
 q - a scroll of enchant weapon {unknown}
Potions
 d - a potion of might
 g - a potion of resistance {unknown}
 l - a potion of curing {unknown}
 n - a potion of mutation {unknown}
Comestibles
 f - 6 rations


   Skills:
 + Level 3.5 Fighting
 * Level 3.5 Long Blades
 - Level 3.0 Armour
 + Level 3.6 Shields


You had 3 spell levels left.
You didn't know any spells.
Your spell library was empty.

Dungeon Overview and Level Annotations

Branches:
Dungeon (2/15)

Altars:
Ru


Message History

The orc wizard hits you with a +2 dagger of venom.
You are more poisoned.
You slash the orc wizard!
The orc wizard is heavily wounded.
You feel very sick.
The orc wizard hits you with a +2 dagger of venom.
You are more poisoned.
The orc wizard hits you but does no damage.
You are more poisoned.
You slash the orc wizard!
You kill the orc wizard!
* * * LOW HITPOINT WARNING * * *
You feel very sick.
* * * LOW HITPOINT WARNING * * *
You feel very sick.
Things that are here:
a +2 dagger of venom; a +0 robe; an orc corpse
* * * LOW HITPOINT WARNING * * *
You feel very sick.
You die...

....#..#.......#.#
♣##.#..#.#...#.#.##.
P≈#.#..#.......#.#..
≈♣#.#..#.......#.#.###
P≈♣.#..#.......#.#...
≈≈♣.#..#.#...#.#.#..# .##
≈≈♣.#..#.......#)#..#...#
≈≈≈.#............#.......
≈≈≈♣# .........@...# ≈≈≈
.....######..#


P≈P .###. ..... ≈≈≈ # .#.##.# PP≈ .#.# P≈P .# . ≈PP .. . ≈≈♣ .# #. ♣.. There
were no monsters in sight!

Vanquished Creatures
  An orc wizard (D:2)
  A worm (D:2)
  2 dart slugs (D:1)
  An orc (D:2)
  2 giant cockroaches (D:1)
  6 goblins
  6 hobgoblins
  5 jackals (D:1)
  5 bats
  5 frilled lizards
  6 kobolds
  7 rats
47 creatures vanquished.

Notes
Turn   | Place    | Note
-------+----------+-------------------------------------------
     0 | D:1      | Mrkan the Human Fighter began the quest for the Orb.
     0 | D:1      | Reached XP level 1. HP: 18/18 MP: 1/1
    40 | D:1      | Reached XP level 2. HP: 18/24 MP: 2/2
   377 | D:1      | Reached XP level 3. HP: 26/29 MP: 3/3
  1097 | D:2      | Found a sacrificial altar of Ru.
  1247 | D:2      | Reached XP level 4. HP: 14/35 MP: 4/4
  1601 | D:2      | HP: 1/35 [poisoned by an orc wizard]
  1602 | D:2      | Succumbed to an orc wizard's poison

Levels and vault maps discovered:
D:1:      dpeg_arrival_refuge, layout_basic, minmay_tetromino_s4
D:2:      cheibrodos_pilgrimage, layout_basic, old_standard_altar,
          vehumet_crystals, first_ration, kennysheep_nub, grunt_ministairs_14,
          serial_bayou_ford_a, hangedman_decor_clover_reticule

Skill      XL: |  1  2  3 |
---------------+----------+-----
Long Blades    | 3 |  3.5
Fighting       | |  3.5
Armour         | |  3.0
Shields        | |  3.6

Action                   |  1- 3 |  4- 6 || total
-------------------------+-------+-------++-------
Melee: Long sword        |   140 |    25 ||   165
  Eat: Chunk             |     1 |     1 ||     2
Armor: Scale mail        |    77 |    10 ||    87
Dodge: Dodged            |    40 |     7 ||    47
Block: Shield            |    88 |    10 ||    98
       Rpst.: Long sword |    16 |       ||    16

Table legend:
 A = Non-vault XP
 B = Vault XP
 C = Vault XP percentage of total XP
 D = Non-vault monster count
 E = Vault monster count
 F = Vault count percentage of total count
                 A         B        C        D         E       F
            +---------+---------+-------+---------+---------+-------
      Total |      74 |      48 |  39.3 |      43 |       4 |   8.5
            +---------+---------+-------+---------+---------+-------
        D:1 |      52 |       3 |   5.5 |      29 |       2 |   6.5
        D:2 |      22 |      45 |  67.2 |      14 |       2 |  12.5
            +---------+---------+-------+---------+---------+-------
